 Dungeon Crawl Stone Soup version 0.30.0-17-ge0270778cf (webtiles) character file.

Game seed: 16609936310464653387

1346 olmar the Grasshopper (level 8, 0/96 HPs)
             Began as a Gnoll Warper on May 23, 2023.
             Slain by an ogre
             ... wielding a +0 giant spiked club
              (7 damage)
             ... on level 6 of the Dungeon.
             The game lasted 00:16:57 (5844 turns).

olmar the Grasshopper (Gnoll Warper)                Turns: 5844, Time: 00:16:58

Health: 0/96       AC: 24    Str: 11    XL:     8   Next: 62%
Magic:  14/17      EV:  2    Int: 12    God:
Gold:   271        SH:  0    Dex: 12    Spells: 14/19 levels left

rFire   . . .        v - +2 dagger (venom)
rCold   . . .        (no shield)
rNeg    . . .        r - melded +2 robe {Will+}
rPois   +            p - melded +0 helmet
rElec   .            C - melded scarf {+Inv}
rCorr   .            (gloves currently unavailable)
SInv    .            (boots currently unavailable)
Will    .....        t - amulet of regeneration
Stlth   ++           m - ring of wizardry
HPRegen 1.16/turn    (no ring)
MPRegen 0.15/turn

%: clarity, wizardry (x1)
@: tree-form (expiring)
A: stationary, stasis, torment immunity, boosted hp, (fangs 1), strong nose,
distributed training, clarity, dopey 1, inability to read after injury 1
a: no special abilities


You were on level 6 of the Dungeon.
You were a tree.
You visited 2 branches of the dungeon, and saw 7 of its levels.

You collected 271 gold pieces.

Inventory:

Hand Weapons
 a - a +0 mace
 n - a +0 dagger of venom
 u - a +2 dagger of draining
 v - a +2 dagger of venom (weapon)
 z - a +1 short sword of draining
Missiles
 d - 7 boomerangs of dispersal
 E - 4 poisoned darts
 M - a curare-tipped dart
Armour
 b - a +0 leather armour
 j - a +1 chain mail of cold resistance
 k - a +0 plate armour
 p - a +0 helmet (melded)
 r - a +2 robe of willpower (melded)
 C - a scarf of invisibility (melded)
 D - the +0 robe "Taneriu" {rF+ Will+ Int-2}
   (You found it on level 4 of the Dungeon)

   Int:       It affects your intelligence (-2).
   rF:        It protects you from fire.
   Will:      It increases your willpower.
Magical Staves
 h - a staff of cold
Jewellery
 m - a ring of wizardry (left branch)
 t - an amulet of regeneration (around neck)
Wands
 J - a wand of flame (10) (quivered)
Scrolls
 c - a scroll of blinking
 e - 2 scrolls of amnesia
 g - a scroll of enchant armour
 l - 3 scrolls of poison
 o - a scroll of immolation {unknown}
 y - a scroll of fog {unknown}
 I - a scroll of brand weapon {unknown}
 L - a scroll of noise {unknown}
 N - a scroll of magic mapping {unknown}
Potions
 f - 6 potions of curing {unknown}
 i - a potion of berserk rage {unknown}
 s - 2 potions of mutation
 w - a potion of resistance {unknown}
 A - a potion of haste
 B - a potion of heal wounds {unknown}
 F - a potion of cancellation
 G - a potion of might {unknown}
 H - a potion of attraction {unknown}
 K - a potion of flight {unknown}


   Skills:
 + Level 5.9 Fighting
 + Level 3.5 Short Blades
 + Level 3.5 Long Blades
 + Level 3.5 Axes
 + Level 5.9 Maces & Flails
 + Level 3.5 Polearms
 + Level 3.5 Staves
 + Level 3.5 Ranged Weapons
 + Level 4.4 Throwing
 + Level 4.4 Armour
 + Level 5.9 Dodging
 + Level 3.5 Stealth
 + Level 3.5 Shields
 + Level 3.5 Unarmed Combat
 + Level 6.2 Spellcasting
 + Level 2.9 Conjurations
 + Level 2.9 Hexes
 + Level 2.9 Summonings
 + Level 2.9 Necromancy
 + Level 6.2 Translocations
 + Level 2.9 Transmutations
 + Level 2.9 Fire Magic
 + Level 2.9 Ice Magic
 + Level 2.9 Air Magic
 + Level 2.9 Earth Magic
 + Level 2.9 Poison Magic
 + Level 3.9 Invocations
 + Level 3.5 Evocations


You had 14 spell levels left.
You knew the following spells:

 Your Spells              Type           Power      Damage    Failure   Level
a - Blink                 Tloc           36%        N/A       1%          2
b - Foxfire               Conj/Fire      40%        2x1d6     2%          1
c - Poisonous Vapours     Pois/Air       20%        N/A       3%          2

Your spell library contained the following spells:

 Spells                   Type           Power      Damage    Failure   Level
 Lesser Beckoning         Tloc           36%        N/A       1%          2
 Teleport Other           Tloc           18%        N/A       1%          3
 Sting                    Tmut/Pois      40%        1d5       2%          1
 Vhi's Electric Charge    Tloc/Air       28%        N/A       3%          3
 Manifold Assault         Tloc           18%        N/A       6%          4
 Olgreb's Toxic Radiance  Pois           10%        N/A       21%         4
 Fireball                 Conj/Fire      5%         3d5       47%         5
 Plasma Beam              Fire/Air       5%         2x1d17    95%         6
 Starburst                Conj/Fire      5%         6d4       95%         6


Dungeon Overview and Level Annotations

Branches:
Dungeon (6/15)             Temple (1/1) D:4

Altars:
Cheibriados
Elyvilon
Fedhas
Kikubaaqudgha
Nemelex Xobeh
Okawaru
Qazlal
Sif Muna
Trog
Uskayaw
Vehumet
Wu Jian
Yredelemnul
Zin
The Shining One


Innate Abilities, Weirdness & Mutations

You are a tree.
Your roots penetrate the ground, keeping you stationary.
You cannot be teleported.
You are immune to unholy pain and torment.
Your maximum health is greatly increased.
Your equipment is partially melded.
((You have very sharp teeth.))
Your uncanny sense of smell can sniff out nearby items.
Your experience applies equally to all skills.
You possess an exceptional clarity of mind.
You are dopey. (Int -2)
You occasionally lose the ability to read scrolls when taking damage.


Message History

Unknown command.
You hit the gnoll.
The gnoll looks as sick as possible!
The gnoll is almost dead.
The gnoll hits you but does no damage.
Unknown command.
You barely miss the gnoll.
The gnoll is almost dead.
You kill the gnoll!
The gnoll hits you from afar with a +0 halberd.
Unknown command.
You barely miss the ogre. The gnoll hits you but does no damage.
The ogre hits you but does no damage.
Unknown command.
You hit the ogre.
The ogre is poisoned.
The ogre is lightly wounded.
The gnoll hits you but does no damage.
You barely miss the ogre.
The ogre is lightly wounded.
Your transformation is almost over.
Your attacks no longer feel as feeble.
The gnoll is no longer moving quickly.
The ogre hits you with a +0 giant spiked club.
* * * LOW HITPOINT WARNING * * *
The gnoll hits you but does no damage.
You hit the ogre.
The ogre is moderately wounded.
Unknown command.
You hit the ogre but do no damage.
The ogre looks even sicker.
The ogre is moderately wounded.
The gnoll hits you from afar with a +0 halberd!
* * * LOW HITPOINT WARNING * * *
The ogre hits you with a +0 giant spiked club!
* * * LOW HITPOINT WARNING * * *
Unknown command.
It was a potion of mutation.
You feel extremely strange.
You occasionally lose the ability to read scrolls when taking damage.
You feel stupid.
Your thoughts seem clearer.
The gnoll hits you from afar with a +0 halberd.
* * * LOW HITPOINT WARNING * * *
The ogre hits you with a +0 giant spiked club!
You die...

#### #♣)# ##O## #gg#
#S.## #...######..#
..##.#.#......#
#.........###########
###########.#...#
#....
##........##.###.#
#....


You could see an ogre (very poisoned), 2 gnolls and an adder.

Vanquished Creatures
  A steam dragon (D:6)
  An orc warrior (D:5)
  An ogre (D:6)
  2 bullfrogs
  A kobold brigand (D:6)
  A scorpion (D:6)
  4 hounds
  2 jellies
  2 gnoll boudas (D:6)
  2 sleepcaps
  6 iguanas
  2 orc wizards
  Robin (D:2)
  9 gnolls
  7 adders
  2 dart slugs (D:1)
  14 orcs
  8 ball pythons
  A bat (D:1)
  8 endoplasms
  2 giant cockroaches
  10 goblins
  12 hobgoblins
  6 jackals
  6 kobolds
  7 quokkas
  7 rats
125 creatures vanquished.

Vanquished Creatures (others)
  98 foxfires
98 creatures vanquished.

Grand Total: 223 creatures vanquished

Notes
Turn   | Place    | Note
-------+----------+-------------------------------------------
     0 | D:1      | olmar the Gnoll Warper began the quest for the Orb.
     0 | D:1      | Reached XP level 1. HP: 20/20 MP: 6/6
    94 | D:1      | Reached XP level 2. HP: 22/26 MP: 7/7
   499 | D:1      | Reached skill level 5 in Spellcasting
   499 | D:1      | Reached XP level 3. HP: 31/31 MP: 7/9
   684 | D:1      | Learned a level 2 spell: Blink
   686 | D:1      | Learned a level 1 spell: Foxfire
   894 | D:2      | Noticed Robin
   960 | D:2      | Reached skill level 1 in Invocations
  1202 | D:2      | Reached skill level 1 in Short Blades
  1202 | D:2      | Reached skill level 1 in Long Blades
  1202 | D:2      | Reached skill level 1 in Axes
  1202 | D:2      | Reached skill level 1 in Polearms
  1202 | D:2      | Reached skill level 1 in Staves
  1202 | D:2      | Reached skill level 1 in Ranged Weapons
  1202 | D:2      | Reached skill level 1 in Stealth
  1202 | D:2      | Reached skill level 1 in Shields
  1202 | D:2      | Reached skill level 1 in Unarmed Combat
  1202 | D:2      | Reached skill level 1 in Evocations
  1340 | D:2      | Killed Robin
  1341 | D:2      | Reached XP level 4. HP: 22/38 MP: 3/11
  1433 | D:2      | HP: 1/38 [hobgoblin[Robin] (3)]
  1691 | D:2      | Found a faded altar of an unknown god.
  1847 | D:2      | Reached skill level 1 in Conjurations
  1847 | D:2      | Reached skill level 1 in Hexes
  1847 | D:2      | Reached skill level 1 in Summonings
  1847 | D:2      | Reached skill level 1 in Necromancy
  1847 | D:2      | Reached skill level 1 in Transmutations
  1847 | D:2      | Reached skill level 1 in Fire Magic
  1847 | D:2      | Reached skill level 1 in Ice Magic
  1847 | D:2      | Reached skill level 1 in Air Magic
  1847 | D:2      | Reached skill level 1 in Earth Magic
  1847 | D:2      | Reached skill level 1 in Poison Magic
  2279 | D:3      | Found a basalt altar of Yredelemnul.
  2713 | D:4      | Found a staircase to the Ecumenical Temple.
  2719 | Temple   | Entered the Ecumenical Temple
  2916 | D:4      | Reached XP level 5. HP: 39/39 MP: 12/12
  3393 | D:4      | Identified the +0 robe "Taneriu" {rF+ Will+ Int-2}
  3567 | D:4      | Found a shimmering blue altar of Sif Muna.
  3670 | D:4      | Found an ornate altar of the Wu Jian Council.
  3776 | D:5      | Entered Level 5 of the Dungeon
  3850 | D:5      | Reached XP level 6. HP: 29/50 MP: 3/14
  4031 | D:5      | Noticed an orc warrior
  4058 | D:5      | Reached skill level 5 in Fighting
  4058 | D:5      | Reached skill level 5 in Maces & Flails
  4058 | D:5      | Reached skill level 5 in Dodging
  4102 | D:5      | Killed an orc warrior
  4203 | D:5      | Found a white marble altar of Elyvilon.
  4285 | D:5      | Reached XP level 7. HP: 56/56 MP: 15/15
  4476 | D:5      | Found a stormy altar of Qazlal.
  5183 | D:6      | Found a sparkling altar of Nemelex Xobeh.
  5382 | D:6      | Reached XP level 8. HP: 60/63 MP: 16/16
  5517 | D:6      | Learned a level 2 spell: Poisonous Vapours
  5783 | D:6      | Noticed a troll
  5844 | D:6      | Gained mutation: You occasionally lose the ability to read
                  | scrolls when taking damage. [potion of mutation]
  5844 | D:6      | Gained mutation: You are dopey. (Int -2) [potion of
                  | mutation]
  5844 | D:6      | Gained mutation: You possess an exceptional clarity of
                  | mind. [potion of mutation]
  5844 | D:6      | Slain by an ogre

Illustrated notes

Levels and vault maps discovered:
D:1:      ebering_hopf_link, layout_basic, amcnicky_mini_pool_small
D:2:      minmay_razor_zed, layout_basic,
          hellmonk_ecumenical_altar_inner_sanctum, uniq_robin
D:3:      layout_rooms, yredelemnul_altar_generic
D:4:      layout_loops_ring, pdpol_wu_jian_five_deadly_venoms,
          lemuel_round_altar, minmay_temple_entry_statues_fountains
D:5:      layout_basic, elyvilon_altar_3, nicolae_overflow_crystal_walls,
          hangedman_decor_riveting
D:6:      layout_rooms, mainiacjoe_overflow_six_doors_small,
          nicolae_stop_n_shop_2, nzn_random_ring
Temple:   nicolae_temple_figure_zero

Skill      XL: |  1  2  3  4  5  6  7  8 |
---------------+-------------------------+-----
Spellcasting   | 5 6 |  6.2
Invocations    | 1 2 3 |  3.9
Short Blades   | 1 2 3 |  3.5
Long Blades    | 1 2 3 |  3.5
Axes           | 1 2 3 |  3.5
Polearms       | 1 2 3 |  3.5
Staves         | 1 2 3 |  3.5
Ranged Weapons | 1 2 3 |  3.5
Stealth        | 1 2 3 |  3.5
Shields        | 1 2 3 |  3.5
Unarmed Combat | 1 2 3 |  3.5
Evocations     | 1 2 3 |  3.5
Conjurations   | 1 2 |  2.9
Hexes          | 1 2 |  2.9
Summonings     | 1 2 |  2.9
Necromancy     | 1 2 |  2.9
Transmutations | 1 2 |  2.9
Fire Magic     | 1 2 |  2.9
Ice Magic      | 1 2 |  2.9
Air Magic      | 1 2 |  2.9
Earth Magic    | 1 2 |  2.9
Poison Magic   | 1 2 |  2.9
Throwing       | 3 4 |  4.4
Armour         | 3 4 |  4.4
Fighting       | 5 |  5.9
Maces & Flails | 5 |  5.9
Dodging        | 5 |  5.9
Translocations | 6 |  6.2

Action                     |  1- 3 |  4- 6 |  7- 9 || total
---------------------------+-------+-------+-------++-------
  Melee: Mace              |    24 |       |       ||    24
         Bite              |    10 |    38 |    10 ||    58
         Staff             |   104 |   275 |       ||   379
         Punch             |     2 |     3 |     5 ||    10
         Dagger            |       |    35 |   127 ||   162
         Short sword       |       |       |    32 ||    32
  Throw: Dart              |       |     9 |       ||     9
   Cast: Foxfire           |    14 |    20 |    28 ||    62
         Blink             |       |     6 |     4 ||    10
         Poisonous Vapours |       |       |     5 ||     5
  Evoke: Wand              |       |       |     4 ||     4
    Use: Scroll            |     4 |     2 |     2 ||     8
         Potion            |       |     1 |     3 ||     4
   Stab: Sleeping          |       |     4 |     4 ||     8
 Armour: Leather armour    |    31 |    23 |       ||    54
         Robe              |       |    80 |    30 ||   110
         Skin              |       |     1 |    29 ||    30
  Dodge: Dodged            |    89 |   257 |    93 ||   439
